 Dungeon Sprint DCSS version 0.14-a0-1686-g0e827d1 (webtiles) character file.

11195 LoliLover the Fencer (level 11, -7/103 HPs)
             Began as a Djinni Fighter on Dec 30, 2013.
             Was the Champion of Makhleb.
             Killed from afar by Ilsuiw (44 damage)
             ... with a shard of ice
             ... in the Dungeon (Sprint VII: "The Pits").
             The game lasted 00:15:52 (1707 turns).

LoliLover the Fencer (Djinni Fighter)               Turns: 1707, Time: 00:15:52

HP  -7/103       AC 20     Str 16      XL: 11   Next: 45%
MP   0/0         EV  8     Int 12      God: Makhleb [******]
Gold 23          SH 25     Dex 13      Spells:  0 memorised, 10 levels left

rFire  + + +     SeeInvis +     q - +0,+2 long sword (flame)
rCold  x . .     Clarity  .     v - +3 plate armour {MR+}
rNeg   + + +     Conserve .     c - +0 shield
rPois  .         rCorr    .     (no helmet)
rElec  .         rRot     .     r - +0 cloak
SustAb . .       Spirit   .     (no gloves)
rMut   .         Warding  .     (boots unavailable)
Saprov . . .     NoTele   +     (no amulet)
                                s - +3 ring of evasion
                                H - ring of see invisible

@: flying, very slightly contaminated, hasted, very quick, quite resistant to
hostile enchantments, extremely unstealthy
A: fire immunity, cold vulnerability, life protection 3
a: Minor Destruction, Lesser Servant of Makhleb, Major Destruction, Greater
Servant of Makhleb, Renounce Religion


You were in the Dungeon.
You worshipped Makhleb.
Makhleb was exalted by your worship.
You were not hungry.

You visited 1 branch You collected 23 gold pieces.

Inventory:

Hand weapons
 a - a cursed +0,+0 falchion
 b - a +2,+0 dagger of draining
 d - a +2,-1 elven falchion
 q - a +0,+2 long sword of flaming (weapon)
 u - a +2,+2 scimitar of holy wrath
Missiles
 o - 10 stones (quivered)
Armour
 c - a +0 shield (worn)
 r - a +0 cloak (worn)
 v - a +3 plate armour of magic resistance (worn)
Magical devices
 K - a wand of magic darts (9)
Scrolls
 g - 2 scrolls of enchant weapon I
 j - a scroll of blinking
 k - 2 scrolls of vulnerability
 l - 4 scrolls of remove curse
 m - 5 scrolls of amnesia
 n - a scroll of summoning
 y - 3 scrolls of identify
 A - 2 scrolls of recharging
 D - 3 scrolls of magic mapping
Jewellery
 s - a +3 ring of evasion (right hand)
 t - a +3 ring of protection
 G - an uncursed ring of poison resistance
 H - a ring of see invisible (left hand)
 I - an uncursed ring of wizardry
Potions
 e - 7 potions of curing
 f - 4 potions of heal wounds
 h - 4 potions of magic
 i - a potion of invisibility
 w - a potion of might
 x - a potion of cure mutation
 B - 3 potions of speed
 C - a potion of agility
 E - a potion of brilliance
 J - a potion of restore abilities
Magical staves
 p - an uncursed staff of energy
Rods
 F - a +8 rod of venom (14/14)
   (You found it in the Dungeon)


   Skills:
 + Level 9.3 Fighting
 * Level 16.3 Long Blades
 + Level 13.3 Armour
 + Level 8.8 Dodging
 + Level 12.4 Shields
 + Level 8.3 Invocations


You had 10 spell levels left.
You didn't know any spells.

Dungeon Overview and Level Annotations

Branches:
Dungeon (1/1)

Altars:
Ashenzari
Cheibriados
Elyvilon
Fedhas
Kikubaaqudgha
Makhleb
Nemelex Xobeh
Okawaru
Sif Muna
Trog
Vehumet
Xom
Yredelemnul
Zin
the Shining One
Beogh
Jiyva
Lugonu

Annotations:
D Ilsuiw


Innate Abilities, Weirdness & Mutations

You are immune to all types of fire, even holy and hellish.
You are vulnerable to cold.
You need no food.
You have no legs.
You are immune to negative energy.


Message History

Ilsuiw is heavily wounded.
Ilsuiw hits you with a trident of freezing.
Ilsuiw freezes you.
You hit Ilsuiw. You burn Ilsuiw.
Ilsuiw is heavily wounded.
The steam dragon bites you but does no damage.
The steam dragon claws you but does no damage.
You slash Ilsuiw! You burn Ilsuiw!
Ilsuiw is severely wounded.
You barely miss Ilsuiw.
Ilsuiw is severely wounded.
Ilsuiw drinks a potion.
Ilsuiw is healed!
You block the steam dragon's attack.
The steam dragon claws you but does no damage.
You hit Ilsuiw but do no damage.
Ilsuiw is heavily wounded.
You miss Ilsuiw.
Ilsuiw is heavily wounded.
Ilsuiw gestures at you while chanting. The shard of ice hits you!
You feel a painful chill!
You die...

#++##########
#...).DE......
#....@mEE.....
#..###########
#..# #..# ###
#..# ..# #..#
..# #..# ..#
#..#
..##########..#


You could see Ilsuiw (invisible), 3 water elementals and a steam dragon.

Vanquished Creatures
  A deep elf blademaster (D)
  A merfolk impaler (D)
  Erolcha (D)
  A shadow wraith (D)
  A sea snake (D)
  A sixfirhy (D)
  A griffon (D)
  A demonic crawler (D)
  A red devil (D)
  A mermaid (D)
  A polar bear (D)
  A komodo dragon (D)
  Prince Ribbit (D)
  A bog body (D)
  A raven (D)
  A fire bat (D)
  6 yaks (D)
  A steam dragon (D)
  A hungry ghost (D)
  3 deep elf fighters (D)
  A molten gargoyle (D)
  A wolf (D)
  A necrophage (D)
  A porcupine (D)
  A black bear (D)
  A gargoyle (D)
  A yellow wasp (D)
  A centaur (D)
  An ogre (D)
  9 killer bees (D)
  2 jellies (D)
  A goliath beetle (D)
  2 orc priests (D)
  Terence (D)
  A mummy (D)
  2 green rats (D)
  2 lemures (D)
  2 giant mites (D)
  A white imp (D)
  2 ufetubi (D)
  2 giant eyeballs (D)
  3 orcs (D)
  2 giant cockroaches (D)
  A hobgoblin (D)
  A ball python (D)
  A hobgoblin simulacrum (D)
  A rat (D)
  A rat simulacrum (D)
  A rat zombie (D)
74 creatures vanquished.

Vanquished Creatures (collateral kills)
  An eidolon (D)
  A dire elephant (D)
  A flaming corpse (D)
  An orc knight (D)
  A spiny frog (D)
  An ugly thing (D)
  A ynoxinul (D)
  A hippogriff (D)
  An orc warrior (D)
  An orc priest (D)
  An orc wizard (D)
  An orc (D)
  A giant newt skeleton (D)
  A giant newt zombie (D)
  A goblin zombie (D)
  A hobgoblin skeleton (D)
16 creatures vanquished.

Vanquished Creatures (others)
  Josephine (D)
  A water elemental (D)
2 creatures vanquished.

Grand Total: 92 creatures vanquished

Notes
Turn   | Place    | Note
--------------------------------------------------------------
     0 | D        | LoliLover, the Djinni Fighter, began the quest for the Orb.
     0 | D        | Reached XP level 1. HP: 16/16 MP: 0/0
    20 | D        | Found a basalt altar of Yredelemnul.
    20 | D        | Found a deep blue altar of Sif Muna.
    20 | D        | Found a burning altar of Makhleb.
    20 | D        | Found a shimmering altar of Xom.
    20 | D        | Found an ancient bone altar of Kikubaaqudgha.
    20 | D        | Found a sparkling altar of Nemelex Xobeh.
    21 | D        | Found a glowing golden altar of the Shining One.
    21 | D        | Found a bloodstained altar of Trog.
    21 | D        | Found a shattered altar of Ashenzari.
    21 | D        | Found a white marble altar of Elyvilon.
    21 | D        | Found a snail-covered altar of Cheibriados.
    21 | D        | Found a blossoming altar of Fedhas.
    21 | D        | Found a radiant altar of Vehumet.
    21 | D        | Found a glowing silver altar of Zin.
    21 | D        | Found a corrupted altar of Lugonu.
    21 | D        | Found a viscous altar of Jiyva.
    21 | D        | Found a roughly hewn altar of Beogh.
    21 | D        | Found an iron altar of Okawaru.
    24 | D        | Became a worshipper of Makhleb the Destroyer
    62 | D        | Reached skill level 4 in Armour
    62 | D        | Reached XP level 2. EP: 13/22
    80 | D        | Acquired Makhleb's first power
   112 | D        | Acquired Makhleb's second power
   162 | D        | Reached XP level 3. EP: 26/28
   170 | D        | Paralysed by a giant eyeball for 2 turns
   172 | D        | Reached skill level 5 in Long Blades
   175 | D        | Acquired Makhleb's third power
   240 | D        | Noticed a black bear
   245 | D        | Noticed a jelly
   246 | D        | Reached skill level 5 in Armour
   249 | D        | Acquired Makhleb's fourth power
   254 | D        | Killed a black bear
   254 | D        | Reached skill level 7 in Long Blades
   254 | D        | Reached skill level 5 in Shields
   254 | D        | Reached XP level 4. EP: 30/34
   254 | D        | Reached XP level 5. EP: 35/40
   268 | D        | Killed a jelly
   268 | D        | Acquired Makhleb's fifth power
   268 | D        | Reached skill level 8 in Long Blades
   277 | D        | Noticed an ogre
   282 | D        | Killed an ogre
   282 | D        | Reached skill level 9 in Long Blades
   282 | D        | Reached XP level 6. EP: 47/47
   285 | D        | Noticed a hungry ghost
   295 | D        | Killed a hungry ghost
   295 | D        | Reached skill level 10 in Long Blades
   298 | D        | Noticed an orc priest
   305 | D        | Killed an orc priest
   313 | D        | Noticed a necrophage
   313 | D        | Noticed a polar bear
   331 | D        | Killed a necrophage
   331 | D        | Reached XP level 7. EP: 46/52
   336 | D        | Killed a polar bear
   336 | D        | Reached skill level 11 in Long Blades
   445 | D        | Noticed a fire bat
   460 | D        | Killed a fire bat
   460 | D        | Reached skill level 1 in Invocations
   481 | D        | Killed a shadow wraith
   481 | D        | Reached skill level 12 in Long Blades
   481 | D        | Reached skill level 10 in Armour
   481 | D        | Reached XP level 8. EP: 47/65
   558 | D        | Noticed a red devil
   559 | D        | Noticed a deep elf fighter
   560 | D        | Noticed a deep elf fighter
   563 | D        | Noticed Erolcha
   567 | D        | Killed a deep elf fighter
   567 | D        | Reached skill level 5 in Fighting
   568 | D        | Noticed a deep elf fighter
   569 | D        | Killed a deep elf fighter
   570 | D        | Noticed a yellow wasp
   575 | D        | Killed Erolcha
   575 | D        | Reached skill level 13 in Long Blades
   575 | D        | Reached XP level 9. EP: 61/77
   577 | D        | Killed a deep elf fighter
   577 | D        | Reached skill level 5 in Dodging
   577 | D        | Reached skill level 10 in Shields
   583 | D        | Killed a yellow wasp
   595 | D        | Killed a red devil
   610 | D        | Noticed a killer bee
   610 | D        | Noticed a killer bee
   610 | D        | Noticed a killer bee
   610 | D        | Noticed a killer bee
   610 | D        | Noticed a killer bee
   610 | D        | Noticed a killer bee
   610 | D        | Noticed a centaur
   610 | D        | Noticed a goliath beetle
   613 | D        | Killed a killer bee
   615 | D        | Killed a killer bee
   618 | D        | Killed a killer bee
   622 | D        | Killed a killer bee
   625 | D        | Killed a killer bee
   630 | D        | Killed a killer bee
   635 | D        | Killed a centaur
   635 | D        | Reached skill level 5 in Invocations
   640 | D        | Killed a goliath beetle
   650 | D        | Noticed a yak
   650 | D        | Noticed a yak
   650 | D        | Noticed a yak
   650 | D        | Noticed a yak
   652 | D        | Noticed a yak
   654 | D        | Noticed a wolf
   657 | D        | Noticed a yak
   662 | D        | Killed a yak
   666 | D        | Killed a yak
   680 | D        | Killed a yak
   684 | D        | Killed a yak
   688 | D        | Killed a wolf
   688 | D        | Reached skill level 14 in Long Blades
   694 | D        | Noticed Prince Ribbit
   697 | D        | Killed a yak
   697 | D        | Reached XP level 10. EP: 85/87
   706 | D        | Killed Prince Ribbit
   711 | D        | Killed a yak
   719 | D        | Noticed a griffon
   720 | D        | Noticed a demonic crawler
   725 | D        | Killed a griffon
   755 | D        | Killed a demonic crawler
   917 | D        | Noticed a killer bee
   917 | D        | Noticed a killer bee
   917 | D        | Noticed a killer bee
   917 | D        | Noticed a molten gargoyle
   920 | D        | Killed a killer bee
   931 | D        | Killed a killer bee
   936 | D        | Killed a killer bee
   952 | D        | Killed a molten gargoyle
  1065 | D        | Noticed a deep elf blademaster
  1065 | D        | Noticed an orc warrior
  1065 | D        | Noticed an orc wizard
  1065 | D        | Noticed an orc priest
  1065 | D        | Noticed an orc priest
  1068 | D        | Killed an orc wizard
  1071 | D        | Noticed a hippogriff
  1073 | D        | Noticed an eidolon
  1075 | D        | Killed a deep elf blademaster
  1078 | D        | Noticed an orc knight
  1081 | D        | Killed an orc priest
  1082 | D        | Killed an orc warrior
  1084 | D        | Killed an orc priest
  1087 | D        | Killed an orc knight
  1087 | D        | Reached skill level 15 in Long Blades
  1091 | D        | Killed an eidolon
  1161 | D        | Killed a hippogriff
  1207 | D        | Noticed a flaming corpse
  1210 | D        | Killed a flaming corpse
  1222 | D        | Noticed a raven
  1222 | D        | Noticed a jelly
  1222 | D        | Noticed a porcupine
  1224 | D        | Noticed a bog body
  1226 | D        | Killed a porcupine
  1241 | D        | Killed a raven
  1258 | D        | Killed a jelly
  1261 | D        | Noticed a ynoxinul
  1261 | D        | Noticed Terence
  1261 | D        | Noticed a spiny frog
  1262 | D        | Noticed Josephine
  1265 | D        | Killed a spiny frog
  1266 | D        | Killed a bog body
  1266 | D        | Reached XP level 11. EP: 59/100
  1269 | D        | Killed Terence
  1279 | D        | Killed Josephine
  1280 | D        | Killed a ynoxinul
  1283 | D        | Noticed a dire elephant
  1284 | D        | Noticed a white ugly thing
  1289 | D        | Killed a dire elephant
  1291 | D        | Killed a white ugly thing
  1440 | D        | Noticed a komodo dragon
  1441 | D        | Noticed a sea snake
  1472 | D        | Killed a komodo dragon
  1486 | D        | Killed a sea snake
  1595 | D        | Noticed a gargoyle
  1595 | D        | Noticed a sixfirhy
  1595 | D        | Noticed a steam dragon
  1607 | D        | Killed a sixfirhy
  1607 | D        | Reached skill level 16 in Long Blades
  1624 | D        | Killed a gargoyle
  1629 | D        | Killed a steam dragon
  1635 | D        | Noticed a steam dragon
  1635 | D        | Noticed a mermaid
  1635 | D        | Noticed a merfolk impaler
  1637 | D        | Noticed Ilsuiw
  1650 | D        | Killed a mermaid
  1669 | D        | Killed a merfolk impaler
  1707 | D        | Killed from afar by Ilsuiw

Action                   |  1- 3 |  4- 6 |  7- 9 | 10-12 || total
-------------------------+-------+-------+-------+-------++-------
Melee: Falchion          |    37 |    12 |       |    19 ||    68
       Long sword        |     8 |    38 |   133 |   241 ||   420
Invok: Greater Servant o |       |       |       |     1 ||     1
  Use: Potion            |     1 |       |     3 |    12 ||    16
       Scroll            |       |       |       |     1 ||     1
 Stab: Invisible         |       |       |       |     5 ||     5
